 Seeded DCSS version 0.30.0-19-g36f170ea60 (webtiles) character file.

Game seed: 8994729474104937668 (custom seed)

129 CInkIbrahim the Chopper (level 5, -10/32 HPs)
             Began as a Gargoyle Cinder Acolyte on May 27, 2023.
             Was a High Priest of Ignis.
             Mangled by an ogre
             ... wielding a +0 giant club
              (17 damage)
             ... on level 4 of the Dungeon.
             The game lasted 00:03:27 (2201 turns).

CInkIbrahim the Chopper (Gargoyle Cinder Acolyte)   Turns: 2201, Time: 00:03:28

Health: -10/32     AC: 17    Str: 19    XL:     5   Next: 12%
Magic:  6/6        EV: 10    Int: 15    God:    Ignis [*****.]
Gold:   133        SH:  0    Dex:  5    Spells: 6/6 levels left

rFire   + + .        a - -1 hand axe (flame)
rCold   + . .        (no shield)
rNeg    + . .        v - +0 ring mail
rPois   ∞            (no helmet)
rElec   +            u - +0 cloak
rCorr   .            (no gloves)
SInv    +            (no boots)
Will    .....        (no amulet)
Stlth   +            j - ring of protection from fire
HPRegen 0.25/turn    x - ring of see invisible
MPRegen 0.10/turn

%: no passive effects
@: mighty, fiery-armoured
A: sickness immunity, AC +4, negative energy resistance 1, electricity
resistance, torment resistance 1, petrification resistance, camouflage 1, cold
resistance 1
a: Renounce Religion, Fiery Armour, Foxfire Swarm, Rising Flame


You were on level 4 of the Dungeon.
You worshipped Ignis.
Ignis was extremely pleased with you.
You visited 1 branch of the dungeon, and saw 4 of its levels.

You collected 133 gold pieces.

Inventory:

Hand Weapons
 a - a -1 hand axe of flaming (weapon)
Armour
 b - a +0 robe
 u - a +0 cloak (worn)
 v - a +0 ring mail (worn)
Jewellery
 j - a ring of protection from fire (left hand)
 x - a ring of see invisible (right hand)
 y - a ring of resist corrosion
Wands
 w - a wand of roots (7)
Scrolls
 d - 2 scrolls of vulnerability {unknown}
 f - 2 scrolls of torment {unknown}
 g - a scroll of blinking {unknown}
 h - a scroll of fear {unknown}
 i - 2 scrolls of immolation {unknown}
 k - 2 scrolls of magic mapping {unknown}
 m - 3 scrolls of silence {unknown}
 r - 2 scrolls of teleportation {unknown}
 s - a scroll of enchant armour {unknown}
 t - a scroll of enchant weapon {unknown}
Potions
 c - a potion of berserk rage
 e - a potion of heal wounds {unknown}
 n - 2 potions of magic {unknown}
 o - a potion of brilliance
 p - a potion of attraction
 q - 2 potions of curing {unknown}
 B - a potion of resistance


   Skills:
 - Level 3.2 Fighting
 + Level 5.1 Axes
 - Level 1.0 Spellcasting
 - Level 3.0 Fire Magic


You had 6 spell levels left.
You didn't know any spells.
Your spell library contained the following spells:

 Spells                   Type           Power      Damage    Failure   Level
 Scorch                   Fire           18%        2d6       19%         2
 Sandblast                Erth           0%         2d4       38%         1
 Summon Small Mammal      Summ           0%         N/A       38%         1
 Passwall                 Tmut/Erth      0%         N/A       54%         2
 Call Canine Familiar     Summ           0%         N/A       77%         3
 Summon Guardian Golem    Hex/Summ       0%         N/A       77%         3
 Borgnjor's Vile Clutch   Necr/Erth      0%         N/A       100%        5
 Iron Shot                Conj/Erth      0%         9d1       100%        6
 Statue Form              Tmut/Erth      Unusable   N/A       N/A         6

Dungeon Overview and Level Annotations

Branches:
Dungeon (4/15)
 Temple: D:4-7

Altars:


Innate Abilities, Weirdness & Mutations

You are immune to sickness and miasma.
Your stone body is resilient. (AC +4)
You are immune to poison.
You resist negative energy. (rN+)
You are resistant to electric shocks. (rElec)
You are resistant to unholy torment.
You are immune to petrification.
Your skin changes colour to match your surroundings (Stealth+).
Your flesh is cold resistant. (rC+)


Message History

Done exploring.
No target in view!
Done exploring.
No target in view!
Done exploring.
No target in view!
Done exploring.
No target in view!
Search for what [Enter for "ring", or ? for help]?
Search for what [Enter for "ring", or ? for help]? .
(D) Dungeon
Where to? (Enter - D:3, ? - help)
There is a stone staircase leading down here.
You climb downwards.
There is a stone staircase leading up here.
There is a stone staircase leading up here.
An ogre comes into view. It is wielding a +0 giant club.
The ogre shouts!
Found a scroll of identify.
An ufetubus comes into view.
The ufetubus moves out of view.
Okay, then.
A protective cloak of flame settles atop you.
Okay, then.
You feel very mighty all of a sudden.
The ogre hits you with a +0 giant club!!
Ouch! That really hurt!
* * * LOW HITPOINT WARNING * * *
The ogre is burned by your cloak of flames.
The ogre is lightly wounded.
You are too injured to fight recklessly!
You are too injured to fight recklessly!
You are too injured to fight recklessly!
You slash the ogre! You burn the ogre.
The ogre is heavily wounded.
You barely miss the ogre.
The ogre is heavily wounded.
The ogre hits you with a +0 giant club!
Ouch! That really hurt!
You die...

#........# #........#
#........# #.########
.# #.#
...###########.#####.#.
.......................
.#......####.#####.#.
#...@..# #<#####.#.
#..O...# #.........
.?........# #######.##
..........# ....#######
.... .#. #


You could see an ogre.

Vanquished Creatures
  Terence (D:2)
  Jessica (D:3)
  An adder (D:3)
  A gnoll (D:1)
  A worm (D:3)
  3 dart slugs
  2 endoplasms (D:1)
  2 giant cockroaches (D:2)
  9 hobgoblins
  2 quokkas (D:3)
  5 ball pythons
  6 bats
  5 frilled lizards
  6 goblins
  2 kobolds (D:1)
  3 rats
50 creatures vanquished.

Notes
Turn   | Place    | Note
-------+----------+-------------------------------------------
     0 | D:1      | CInkIbrahim the Gargoyle Cinder Acolyte began the quest for
                  | the Orb.
     0 | D:1      | Reached XP level 1. HP: 14/14 MP: 2/2
    70 | D:1      | Reached skill level 3 in Axes
   146 | D:1      | Reached XP level 2. HP: 19/19 MP: 3/3
   295 | D:1      | Reached XP level 3. HP: 15/23 MP: 4/4
   777 | D:2      | Reached skill level 4 in Axes
  1177 | D:2      | Noticed Terence
  1188 | D:2      | Killed Terence
  1189 | D:2      | Reached XP level 4. HP: 11/28 MP: 5/5
  1649 | D:3      | Got the Tome of the Mantle
  1739 | D:3      | Noticed Jessica
  1746 | D:3      | Killed Jessica
  1843 | D:3      | Reached skill level 5 in Axes
  1882 | D:3      | Reached XP level 5. HP: 32/32 MP: 6/6
  2117 | D:3      | Gained mutation: Your skin changes colour to match your
                  | surroundings (Stealth+). [potion of mutation]
  2117 | D:3      | Gained mutation: Your flesh is cold resistant. (rC+)
                  | [potion of mutation]
  2195 | D:4      | Noticed an ogre
  2201 | D:4      | Mangled by an ogre

Illustrated notes

Levels and vault maps discovered:
D:1:      ncdulo_halloftheorcs, layout_rooms, minmay_tetromino_o4
D:2:      layout_loops_cross, uniq_terence
D:3:      layout_basic, serial_forest, infiniplex_forest_diagonal,
          infiniplex_forest_straight_2, infiniplex_forest_lined_1,
          infiniplex_forest_lined_corner, infiniplex_forest_clump_small,
          infiniplex_forest_zigzag_2, infiniplex_forest_clump_tiny, uniq_jessica
D:4:      layout_basic, grunt_temple_overflow_open, serial_shops, shop,
          minmay_misc_feat_nine_boxes, minivault_24,
          minmay_shop_enchanted_jewellery, uniq_blork_the_orc, uniq_sigmund

Skill      XL: |  1  2  3  4 |
---------------+-------------+-----
Axes           | 3 4 5 |  5.1
Fighting       | |  3.2
Spellcasting   | |  1.0
Fire Magic     | |  3.0

Action                     |  1- 3 |  4- 6 || total
---------------------------+-------+-------++-------
  Melee: Hand axe          |    94 |    72 ||   166
         Punch             |     2 |       ||     2
 Invoke: Fiery Armour      |       |     1 ||     1
    Use: Potion            |     1 |     3 ||     4
         Scroll            |       |     4 ||     4
 Armour: Robe              |    33 |     5 ||    38
         Ring mail         |       |    27 ||    27
  Dodge: Dodged            |    55 |    33 ||    88
